 Dungeon Crawl Stone Soup version 0.32-a0-685-g93135e86f0 (webtiles) character file.

Game seed: 8488203583585395527

6671 shadizar the Thaumaturge (level 11, -2/79 HPs)
             Began as a Djinni Air Elementalist on Mar 12, 2024.
             Was a Follower of Makhleb.
             Slain by a death yak (11 damage)
             ... on level 9 of the Dungeon.
             The game lasted 00:15:58 (10003 turns).

shadizar the Thaumaturge (Djinni Air Elementalist) Turns: 10003, Time: 00:15:59

Health: -2/79      AC:  7    Str:  7    XL:     11   Next: 23%
Gold:   379        EV: 14    Int: 21    God:    Makhleb [*.....] SH:  0 Dex: 14

rFire   + + +        (no weapon)
rCold   x . .        r - orb {light}
rNeg    . . .        w - +2 leather armour {rF+}
rPois   ∞            e - +0 helmet
rElec   .            (no cloak)
rCorr   +            (no gloves)
SInv    .            (boots unavailable)
Will    +....        (no amulet)
Stlth   +            x - ring of resist corrosion
HPRegen 0.33/turn    (no ring)
MPRegen 0.00/turn

%: infuse magic (-3 HP)
@: flying, very slightly contaminated, glowing
A: sickness immunity, fire resistance 2, cold vulnerability 1, float, innate
caster, HP casting, extra vitality 1
a: Renounce Religion


You were on level 9 of the Dungeon.
You worshipped Makhleb.
Makhleb was aware of your devotion.
You visited 2 branches of the dungeon, and saw 10 of its levels.
You also visited: Sewer and Bailey.

You collected 379 gold pieces.

Inventory:

Hand Weapons
 f - a +4 spear
Armour
 e - a +0 helmet (worn)
 j - +0 acid dragon scales
 r - an orb of light (worn)
 t - the +1 plate armour of Inquiry {rElec Will+ Int+4}
   (You found it on level 8 of the Dungeon)

   Int+4:     It affects your intelligence (+4).
   rElec:     It insulates you from electricity.
   Will+:     It increases your willpower.
 w - a +2 leather armour of fire resistance (worn)
Jewellery
 g - a ring of protection from fire
 h - a ring of fire
 x - a ring of resist corrosion (left hand)
Wands
 p - a wand of roots (3)
 v - a wand of paralysis (13)
Scrolls
 d - a scroll of summoning
 k - a scroll of revelation
 l - 4 scrolls of enchant weapon {unknown}
 n - 3 scrolls of teleportation
 o - a scroll of enchant armour {unknown}
Potions
 a - a potion of magic
 b - a potion of cancellation
 c - 2 potions of might
 i - 2 potions of curing
 m - 2 potions of haste
 q - a potion of berserk rage
 s - 2 potions of heal wounds
 u - 2 potions of enlightenment


   Skills:
 - Level 7.0 Fighting
 - Level 7.0 Armour
 - Level 7.3 Dodging
 - Level 2.0 Stealth
 + Level 9.4 Spellcasting
 + Level 9.4 Conjurations
 + Level 9.4 Hexes
   Level 0.0 Charms
 + Level 9.4 Summonings
 + Level 9.4 Necromancy
 + Level 9.4 Translocations
   Level 0.0 Transmutations
 + Level 9.4 Fire Magic
 + Level 9.4 Ice Magic
 + Level 9.4 Air Magic
 + Level 9.4 Earth Magic
 + Level 9.4 Alchemy


You knew the following spells:

 Your Spells              Type           Power      Damage    Failure   Level
a - Shock                 Conj/Air       100%       1d9       1%          1
b - Static Discharge      Conj/Air       98%        3-8/arc   1%          2
c - Swiftness             Air            49%        N/A       1%          3
d - Airstrike             Air            24%        2d(4-20)  1%          4
e - Necrotise             Necr           100%       1d9       1%          1
f - Ensorcelled Hibernat  Hex/Ice        98%        N/A       1%          2
g - Fugue of the Fallen   Necr           49%        N/A       1%          3
h - Manifold Assault      Tloc           49%        N/A       1%          4
i - Ignite Poison         Fire/Alch      49%        N/A       1%          4
Your spell library was empty.

Dungeon Overview and Level Annotations

Branches:
Dungeon (9/15)             Temple (1/1) D:4            Lair (0/5) D:9
  Sewer (visited)          Bailey (visited)
    Orc: D:9-12

Altars:
Ashenzari
Cheibriados
Dithmenos
Elyvilon
Gozag
Hepliaklqana
Makhleb
Nemelex Xobeh
Okawaru
Qazlal
Ru
Trog
Uskayaw
Wu Jian
Xom
Yredelemnul
Zin
The Shining One

Shops:
D:3 (   D:7 *

Annotations:
D:4 Edmund


Innate Abilities, Weirdness & Mutations

You are immune to sickness and miasma.
You are immune to poison.
Your flesh is very heat resistant. (rF++)
You are vulnerable to cold. (rC-)
You float through the air rather than walking.
You learn spells naturally, not from books.
Your magical power is your life essence.
You have superior vitality. (+4 MHP)


Message History

The black bear bites you! The black bear claws you.
* * * LOW HITPOINT WARNING * * *
The black bear claws you but does no damage.
Casting: Airstrike (dangerous; 1% risk of failure)
Confirm with . or Enter, or press ? or * to list all spells.
Aiming: Shock (safe; 1% risk of failure)
Press: ? - help, Shift-Dir - straight line, f/p - black bear
Aim: a black bear (almost dead, berserk, haloed, 87% to hit)
The zap hits the black bear.
The black bear is almost dead.
* * * LOW HITPOINT WARNING * * *
The death yak gores you!
* * * LOW HITPOINT WARNING * * *
The black bear bites you.
* * * LOW HITPOINT WARNING * * *
The black bear barely misses you. x2
The yak bellows!
Unknown command.
Unknown command.
Unknown command.
Unknown command.
Unknown command.
Unknown command.
Unknown command.
Unknown command.
Unknown command.
Casting: Shock (safe; 1% risk of failure)
Confirm with . or Enter, or press ? or * to list all spells.
Aiming: Shock (safe; 1% risk of failure)
Press: ? - help, Shift-Dir - straight line, f/p - black bear
Aim: a black bear (almost dead, berserk, haloed, 87% to hit)
The zap hits the black bear.
You kill the black bear!
Makhleb accepts your kill.
The zap hits the yak.
The yak is lightly wounded.
The yak bellows!
* * * LOW HITPOINT WARNING * * *
The death yak gores you!
You die...

#.#######.##
##.#$....#..#
#..#...$.#..#
...+.._$.#..#
.#.#$$$$.#..# .
...#.....#..# .
...#######..# ß
Y......@YY..##
.
..#######....##
. ##.....# .
#......# . ..
#......#
#...#..#..##
#......#.##
.##.##...#
.....##..####


You could see a death yak and 2 yaks.

Vanquished Creatures
  2 vault guards (Bailey)
  Pikel (D:6)
  Maggie (D:7)
  Grinder (D:6)
  Prince Ribbit (Bailey)
  5 yaks
  2 steam dragons
  5 humans (Bailey)
  A water moccasin (D:8)
  2 ice beasts
  2 orc warriors
  A black bear (D:9)
  3 lemures (D:6)
  A phantom (D:5)
  2 kobold brigands
  10 bullfrogs
  2 gnoll sergeants
  4 killer bees (D:7)
  2 howler monkeys (D:8)
  A jelly (D:5)
  A bullfrog zombie (D:5)
  A crimson imp (D:7)
  A centaur zombie (D:5)
  2 bombardier beetles
  A hound (D:4)
  An orc priest (D:4)
  2 bullfrog skeletons (D:5)
  5 iguanas
  2 sleepcaps
  A hell rat (D:9)
  2 orc wizards (D:3)
  A hound zombie (D:5)
  8 adders
  14 gnolls
  2 river rats (Sewer)
  A white imp (D:7)
  4 ufetubi
  2 dart slugs
  2 ribbon worms
  31 orcs
  8 ball pythons
  6 endoplasms
  2 giant cockroaches
  10 hobgoblins
  14 jackals
  6 kobolds
  5 quokkas
  5 bats
  2 frilled lizards
  7 goblins
  9 rats
207 creatures vanquished.

Notes
Turn   | Place    | Note
-------+----------+-------------------------------------------
     0 | D:1      | shadizar the Djinni Air Elementalist began the quest for
                  | the Orb.
     0 | D:1      | shadizar set off with the following spells memorised:
                  | Shock, Static Discharge, Swiftness, Airstrike.
     0 | D:1      | Reached XP level 1. HP: 15/15 MP: 0/0
    99 | D:1      | Reached XP level 2. HP: 19/21 MP: 0/0
   593 | D:2      | Reached XP level 3. HP: 23/25 MP: 0/0
   593 | D:2      | Learned a level 1 spell: Necrotise
   741 | D:2      | Reached XP level 4. HP: 26/31 MP: 0/0
  1046 | D:2      | Reached skill level 1 in Fighting
  1046 | D:2      | Reached skill level 1 in Armour
  1346 | D:3      | Reached XP level 5. HP: 34/37 MP: 0/0
  1346 | D:3      | Learned a level 2 spell: Ensorcelled Hibernation
  1664 | D:3      | Found Zyskingi's Antique Weapon Emporium.
  1681 | D:3      | Found a faded altar of an unknown god.
  2102 | D:4      | Noticed an orc warrior
  2112 | D:4      | Killed an orc warrior
  2113 | D:4      | Reached XP level 6. HP: 13/43 MP: 0/0
  2442 | D:4      | Noticed Edmund
  2800 | D:4      | Reached XP level 7. HP: 40/49 MP: 0/0
  2800 | D:4      | Learned a level 3 spell: Fugue of the Fallen
  2852 | D:4      | Found a staircase to the Ecumenical Temple.
  2867 | Temple   | Entered the Ecumenical Temple
  3223 | D:5      | Entered Level 5 of the Dungeon
  3248 | D:5      | Found a glowing drain.
  3265 | Sewer    | Entered a sewer
  3464 | Sewer    | Found a glowing silver altar of Zin.
  3626 | D:5      | Found a white marble altar of Elyvilon.
  3626 | D:5      | Found a glowing silver altar of Zin.
  3965 | D:5      | Reached skill level 5 in Spellcasting
  3965 | D:5      | Reached skill level 5 in Conjurations
  3965 | D:5      | Reached skill level 5 in Hexes
  3965 | D:5      | Reached skill level 5 in Summonings
  3965 | D:5      | Reached skill level 5 in Necromancy
  3965 | D:5      | Reached skill level 5 in Translocations
  3965 | D:5      | Reached skill level 5 in Fire Magic
  3965 | D:5      | Reached skill level 5 in Ice Magic
  3965 | D:5      | Reached skill level 5 in Air Magic
  3965 | D:5      | Reached skill level 5 in Earth Magic
  3965 | D:5      | Reached skill level 5 in Alchemy
  4051 | D:5      | Reached XP level 8. HP: 35/56 MP: 0/0
  4347 | D:5      | Found a hide-covered altar of Uskayaw.
  4714 | D:5      | Found a broken altar of Ashenzari.
  5093 | D:6      | Noticed Grinder
  5098 | D:6      | Paralysed by Grinder for 3 turns
  5107 | D:6      | Killed Grinder
  5402 | D:6      | Noticed Pikel
  5403 | D:6      | Reached XP level 9. HP: 58/62 MP: 0/0
  5403 | D:6      | Learned a level 4 spell: Manifold Assault
  5413 | D:6      | Killed Pikel
  6862 | D:7      | Reached XP level 10. HP: 46/67 MP: 0/0
  6966 | D:7      | Found Helos's General Store.
  7103 | D:7      | Found a burning altar of Makhleb.
  7114 | D:7      | Became a worshipper of Makhleb the Destroyer
  7154 | D:7      | Noticed Maggie
  7158 | D:7      | Killed Maggie
  7549 | D:8      | Found a flagged portal.
  7561 | Bailey   | Entered a bailey
  7636 | Bailey   | Reached skill level 5 in Dodging
  7638 | Bailey   | Reached skill level 5 in Fighting
  7638 | Bailey   | Reached skill level 5 in Armour
  7642 | Bailey   | HP: 1/70 [human/+0 war axe (5)]
  8142 | Bailey   | Reached * piety under Makhleb
  8359 | Bailey   | Noticed a vault guard
  8362 | Bailey   | Noticed Prince Ribbit
  8365 | Bailey   | Killed a vault guard
  8367 | Bailey   | Killed Prince Ribbit
  8486 | Bailey   | Noticed a vault guard
  8500 | Bailey   | Killed a vault guard
  8501 | Bailey   | Reached XP level 11. HP: 32/78 MP: 0/0
  8501 | Bailey   | Learned a level 4 spell: Ignite Poison
  9320 | D:8      | Identified the +1 plate armour of Inquiry {rElec Will+
                  | Int+4}
  9470 | D:8      | Found a basalt altar of Yredelemnul.
  9763 | D:9      | Noticed a death yak
  9763 | D:9      | Found a staircase to the Lair.
  9984 | D:9      | Found a shimmering altar of Xom.
 10003 | D:9      | Slain by a death yak

Illustrated notes

Levels and vault maps discovered:
D:1:      mrwooster_arrival_arrow, layout_rooms
D:2:      layout_rooms
D:3:      layout_loops_cross, mainiacjoe_overflow_chevrons,
          shapermc_ecumenical_altar_ellora, serial_shops, shop
D:4:      layout_layer_cave, minmay_temple_entry_glass, uniq_edmund
D:5:      layout_loops_corners, lemuel_crystal_altar,
          nicolae_uskayaw_dance_hall, gammafunk_temple_overflow_wave,
          cheibrodos_sewer_entry_drain, serial_undead, serial_undead_b,
          serial_undead_e, serial_undead_a, serial_undead_c
D:6:      layout_basic, uniq_grinder, uniq_pikel
D:7:      layout_basic, makhleb_grotto_becter, serial_shops,
          nicolae_shop_tiny_glass, uniq_maggie
D:8:      layout_basic, lemuel_round_altar, enter_bailey_6
D:9:      layout_cave_pools, amcnicky_altar_gilded, overflow_temple_1_default,
          vehumet_altar_wand_db, dpeg_lair_monsters, david_orc_3,
          serial_column_ruins, column_ruins_columns_dead_end,
          column_ruins_columns_dead_end, column_ruins_open_medium,
          column_ruins_columns_straight, column_ruins_corridor_corner,
          column_ruins_open_tiny, column_ruins_corridor_straight
Temple:   nicolae_temple_x_marks_the_god

Skill      XL: |  1  2  3  4  5  6  7  8  9 10 11 |
---------------+----------------------------------+-----
Stealth        | 2 |  2.0
Dodging        | 3 4 7 |  7.3
Fighting       | 1 2 3 4 6 7 |  7.0
Armour         | 1 2 3 4 6 7 |  7.0
Spellcasting   | 4 5 6 9 |  9.4
Conjurations   | 4 5 6 9 |  9.4
Hexes          | 4 5 6 9 |  9.4
Summonings     | 4 5 6 9 |  9.4
Necromancy     | 4 5 6 9 |  9.4
Translocations | 4 5 6 9 |  9.4
Fire Magic     | 4 5 6 9 |  9.4
Ice Magic      | 4 5 6 9 |  9.4
Air Magic      | 4 5 6 9 |  9.4
Earth Magic    | 4 5 6 9 |  9.4
Alchemy        | 4 5 6 9 |  9.4

Action                     |  1- 3 |  4- 6 |  7- 9 | 10-12 || total
---------------------------+-------+-------+-------+-------++-------
  Melee: Unarmed           |       |     2 |     1 |       ||     3
   Cast: Shock             |    58 |   160 |   227 |    20 ||   465
         Static Discharge  |       |     4 |    14 |     6 ||    24
         Fugue of the Fall |       |       |     1 |       ||     1
         Airstrike         |       |       |    10 |    99 ||   109
         Swiftness         |       |       |       |     1 ||     1
         Necrotise         |       |       |       |     1 ||     1
    Use: Scroll            |       |       |    16 |     3 ||    19
         Potion            |       |       |       |     5 ||     5
 Armour: Robe              |     1 |       |       |       ||     1
         Leather armour    |     6 |    46 |    76 |    62 ||   190
  Dodge: Dodged            |     5 |    37 |    48 |    52 ||   142

Table legend: (Time is in decaauts)
 A = Elapsed time spent in this place.
 B = Non-inter-level travel time spent in this place.
 C = Inter-level travel time spent in this place.
 D = Time resting spent in this place.
 E = Time spent auto-exploring this place.
 F = Levels seen in this place.
 G = Mean time per level.
                   A        B        C        D        E       F      G
               +--------+--------+--------+--------+--------+-----+--------+
         Total |  10000 |   9864 |    136 |      0 |   8217 |  12 |  833.3 |
       Dungeon |   8643 |   8507 |    136 |      0 |   7092 |   9 |  960.3 |
        Temple |     22 |     22 |      0 |      0 |      3 |   1 |   22.0 |
         Sewer |    238 |    238 |      0 |      0 |    188 |   1 |  238.0 |
        Bailey |   1094 |   1094 |      0 |      0 |    934 |   1 | 1094.0 |
               +--------+--------+--------+--------+--------+-----+--------+

Top non-repeatable levels by time:
     D:5: 1535 daAuts
     D:8: 1367 daAuts
     D:7: 1335 daAuts
     D:6: 1169 daAuts
  Bailey: 1094 daAuts
     D:3: 1022 daAuts
     D:4: 1016 daAuts
     D:1: 590 daAuts
     D:2: 571 daAuts
   Sewer: 238 daAuts
     D:9: 35 daAuts
  Temple: 22 daAuts
